Map: Catalyst LE

Players

Snute - Winner!

  • Race: Zerg Zerg
  • Spawn Location: 5:00

BrightYellow

  • Race: Terran Terran
  • Spawn Location: 11:00

Event: WCS Leipzig 2018

VOD

Have the link to the VOD?

Description

Time

  • Played on: Jan. 26, 2018, 6:24 a.m.
  • Length: 10:37

All games in this series

Show
View Real Time Build Order
Export as new Build Order

Snute Zerg - Winner!

Build Orders: Pool First 

Get SALT Encoding   

  12  0:00  Drone  
  13  0:12  Overlord  
  13  0:17  Drone  
  14  0:30  Drone x2  
  14  0:34  Drone  
  17  0:44  Spawning Pool  
  17  0:48  Drone  
  17  1:09  Hatchery  
  17  1:11  Drone  
  17  1:14  Drone  
  18  1:19  Drone, Extractor  
  18  1:31  Queen  
  20  1:33  Zergling x2  
  21  1:40  Overlord  
  21  1:49  Drone  
  22  2:00  Drone  
  23  2:07  Queen  
  25  2:11  Drone  
  26  2:18  Metabolic Boost  
  26  2:20  Queen  
  28  2:23  Drone x2  
  30  2:32  Drone x2  
  32  2:38  Overlord  
  32  2:39  Drone x2  
  32  2:43  Drone  
  35  2:44  Drone  
  36  2:58  Drone x2  
  38  3:05  Extractor  
  37  3:06  Zergling x4  
  39  3:13  Zergling x2  
  39  3:15  Overlord  
  39  3:16  Drone x3  
  39  3:17  Overlord  
  43  3:26  Extractor  
  43  3:28  Drone  
  43  3:32  Overlord  
  43  3:34  Drone x2, Queen x2  
  50  3:44  Hatchery  
  50  3:48  Drone x4  
  51  3:49  Drone  
  51  3:54  Drone x3  
  58  3:56  Drone  
  58  3:59  Drone  
  60  4:07  Zergling x2  
  60  4:09  Overlord  
  61  4:10  Queen  
  61  4:11  Queen  
  65  4:19  Extractor  
  65  4:20  Drone x2, Evolution Chamber x2  
  64  4:28  Zergling x2  
  64  4:30  Zergling x6  
  64  4:31  Zergling x6  
  71  4:33  Overlord  
  70  4:40  Zergling x2  
  71  4:47  Zerg Ground Armor Level 1  
  71  4:56  Drone x3  
  71  4:58  Drone x2  
  71  4:59  Drone x2  
  79  5:00  Drone, Lair  
  79  5:02  Drone x3  
  82  5:07  Drone x2  
  82  5:13  Drone  
  85  5:16  Drone, Zerg Melee Weapons Level 1  
  85  5:18  Drone  
  87  5:24  Drone  
  87  5:25  Extractor  
  87  5:26  Extractor  
  87  5:27  Baneling Nest  
  85  5:28  Drone  
  85  5:29  Drone x3  
  85  5:30  Drone x2, Extractor x2  
  85  5:31  Overlord  
  85  5:34  Drone  
  85  5:35  Drone, Spore Crawler  
  90  5:37  Spore Crawler  
  90  5:38  Drone, Spore Crawler  
  90  5:39  Drone  
  90  5:43  Overlord  
  90  5:50  Drone  
  90  5:51  Drone  
  90  5:53  Drone x2  
  94  6:03  Drone, Infestation Pit  
  94  6:09  Zergling x2  
  94  6:10  Zergling x8  
  98  6:12  Centrifical Hooks  
  98  6:21  Hatchery  
  97  6:32  Overlord  
  95  6:34  Overlord  
  95  6:36  Hydralisk Den  
  94  6:40  Drone  
  94  6:42  Overseer  
  94  6:44  Zerg Ground Armor Level 2  
  94  6:46  Overlord  
  95  6:47  Drone  
  95  6:48  Drone  
  95  6:50  Overlord x3  
  95  6:51  Hive  
  97  6:54  Drone x2  
  97  6:55  Spire  
  97  7:00  Queen x2  
  100  7:05  Drone x4  
  100  7:06  Drone x3  
  105  7:10  Zerg Missile Weapons Level 1  
  105  7:11  Hydralisk  
  105  7:12  Hydralisk, Muscular Augments  
  105  7:15  Hydralisk x2  
  112  7:27  Hydralisk x5  
  122  7:32  Drone x3  
  122  7:34  Hydralisk x2  
  128  7:40  Spore Crawler  
  128  7:43  Hydralisk  
  128  7:44  Extractor x2, Hydralisk x2  
  131  7:55  Hydralisk  
  131  7:56  Hydralisk x3  
  139  8:08  Greater Spire  
  139  8:11  Hydralisk x3  
  145  8:20  Overlord  
  145  8:24  Hydralisk x4  
  152  8:27  Overlord x3  
  152  8:35  Overlord  
  152  8:36  Overlord  
  152  8:40  Corruptor x4  
  160  8:45  Corruptor  
  162  8:55  Corruptor x2  
  166  9:22  Hatchery  
  165  9:28  Brood Lord x3  
  165  9:30  Brood Lord  
  172  9:35  Zergling x22  
  172  9:36  Queen x3  
  172  9:37  Brood Lord  
  191  9:39  Pneumatized Carapace  
  191  9:41  Overseer  
  191  9:50  Brood Lord  
  193  9:59  Brood Lord  
Show
View Real Time Build Order
Export as new Build Order

BrightYellow Terran 

Build Orders: Cyclone Opening, Reaper Expand, MMM Bio 

Get SALT Encoding   

  12  0:01  SCV  
  13  0:13  SCV  
  14  0:17  Supply Depot  
  14  0:25  SCV  
  15  0:39  SCV  
  15  0:41  Barracks  
  16  0:46  Refinery  
  16  0:51  SCV  
  17  1:03  SCV  
  18  1:15  SCV  
  19  1:31  Reaper  
  21  1:37  Orbital Command  
  20  1:45  Command Center  
  20  2:05  SCV  
  21  2:08  Refinery  
  21  2:11  Factory  
  21  2:19  SCV, Supply Depot  
  22  2:33  SCV  
  23  2:42  Marine  
  24  2:47  SCV  
  25  2:54  Cyclone  
  25  2:57  Orbital Command  
  28  2:59  SCV, Starport  
  28  3:03  Marine  
  30  3:11  SCV  
  31  3:15  Orbital Command  
  31  3:22  Marine  
  31  3:23  SCV  
  33  3:31  Cyclone  
  36  3:35  SCV  
  36  3:40  Marine  
  38  3:47  Medivac  
  38  3:48  SCV  
  41  3:52  Supply Depot  
  40  3:58  Reaper  
  40  4:02  SCV  
  42  4:06  SCV  
  42  4:09  Cyclone  
  46  4:14  SCV  
  46  4:17  Command Center  
  47  4:18  SCV, Starport Tech Lab  
  48  4:26  SCV  
  48  4:30  Marine  
  50  4:31  SCV  
  50  4:35  Supply Depot  
  50  4:37  Cloaking Field  
  51  4:38  SCV  
  51  4:44  SCV  
  53  4:50  SCV  
  54  4:56  Banshee  
  54  4:57  SCV  
  58  5:02  SCV  
  58  5:05  Supply Depot  
  60  5:07  Factory Tech Lab, Barracks  
  60  5:08  Barracks  
  60  5:09  SCV  
  56  5:14  SCV, Barracks Tech Lab  
  56  5:21  SCV  
  57  5:27  SCV  
  58  5:30  Barracks  
  58  5:31  Barracks, Siege Tank  
  58  5:33  SCV, Orbital Command  
  62  5:39  SCV, Marine  
  62  5:41  Banshee  
  67  5:45  SCV, Refinery  
  67  5:48  Refinery  
  68  5:50  Engineering Bay x2  
  68  5:51  SCV  
  68  5:56  Barracks Tech Lab, Barracks Reactor  
  69  5:57  SCV  
  69  6:03  SCV  
  69  6:04  SCV  
  72  6:10  SCV  
  73  6:15  SCV  
  73  6:16  Marine x2  
  73  6:18  Stimpack  
  76  6:20  Marine x2  
  78  6:31  SCV  
  78  6:32  SCV  
  80  6:38  Terran Infantry Weapons Level 1  
  80  6:39  Supply Depot  
  80  6:50  SCV  
  80  6:51  Barracks Tech Lab, Barracks Reactor  
  80  6:52  Supply Depot x2  
  80  6:53  Supply Depot  
  81  6:56  Orbital Command, Terran Infantry Armor Level 1  
  81  7:07  SCV  
  82  7:12  SCV  
  82  7:13  Siege Tank  
  83  7:19  SCV  
  83  7:20  Barracks  
  83  7:22  Factory  
  84  7:24  Starport Reactor  
  84  7:25  SCV x2  
  84  7:27  Marine x7  
  93  7:30  Refinery  
  93  7:32  SCV  
  93  7:33  Refinery  
  94  7:37  SCV  
  94  7:38  SCV  
  94  7:44  SCV, Marine  
  97  7:45  Supply Depot, Marine x4  
  97  7:46  Siege Tank  
  97  7:47  Armory, Marine x2  
  97  7:49  SCV  
  97  7:50  SCV  
  109  7:56  SCV, Command Center  
  109  7:57  Supply Depot  
  110  8:01  Medivac  
  110  8:02  SCV x2, Medivac, Marine, Combat Shields  
  117  8:10  Supply Depot  
  116  8:33  Supply Depot  
  116  8:34  Command Center  
  116  8:35  Siege Tank  
  116  8:36  Marine, Marauder x2  
  116  8:37  Siege Tank  
  116  8:38  Marine x3  
  116  8:39  Marine  
  116  8:41  SCV  
  132  8:42  Supply Depot  
  132  8:44  Ghost Academy  
  132  8:50  Medivac  
  132  8:51  Medivac  
  132  8:54  Marine  
  137  8:56  Marine x4  
  137  9:00  Supply Depot  
  141  9:07  Siege Tank  
  141  9:08  Supply Depot, Marine x2  
  149  9:10  Siege Tank  
  149  9:11  Supply Depot  
  149  9:19  Barracks  
  149  9:24  SCV, Barracks  
  149  9:25  Marauder  
  149  9:26  Medivac x2  
  149  9:27  Barracks Tech Lab  
  153  9:32  SCV  
  153  9:37  SCV  
  159  9:53  Ghost x4  
  159  9:54  Marine x3  
  163  10:00  Supply Depot  
  163  10:01  Unknown  
  163  10:03  Unknown  
  163  10:05  Unknown  
  157  10:15  Barracks Tech Lab x2  
Tags
 
Add a new tag
Caveats
  • Supply blocks, unpowered buildings, or Contaminate may cause inaccurate times.
  • Supply counts are checked every 10 seconds.